 Dungeon Crawl Stone Soup version 0.29-a0-283-ga02f740833 (webtiles) character file.

Game seed: 9514173378061471958

15 Anunax the Skirmisher (level 2, -3/26 HPs)
             Began as a Draconian Fighter on Mar 13, 2022.
             Slain by an orc
             ... wielding a +0 mace
              (4 damage)
             ... on level 2 of the Dungeon.
             The game lasted 00:02:05 (763 turns).

Anunax the Skirmisher (Draconian Fighter)            Turns: 763, Time: 00:02:06

Health: -3/26      AC:  4    Str: 18    XL:     2   Next: 34%
Magic:  2/2        EV: 12    Int:  8    God:
Gold:   48         SH:  4    Dex: 10    Spells: 1/1 levels left

rFire   . . .      SeeInvis .   g - +4 dagger (vamp)
rCold   . . .      Faith    .   b - +0 buckler
rNeg    . . .      Spirit   .   (body armour unavailable)
rPois   .          Reflect  .   (helmet restricted)
rElec   .          Harm     .   (no cloak)
rCorr   .          Rampage  .   (no gloves)
Will    .....                   (no boots)
Stlth   +.........              (no amulet)
HPRegen 0.08/turn               (no ring)
MPRegen 0.08/turn               (no ring)

@: no status effects
A: AC +4, unfitting armour, cold-blooded
a: no special abilities


You were on level 2 of the Dungeon.
You visited 1 branch of the dungeon, and saw 2 of its levels.

You collected 48 gold pieces.

Inventory:

Hand Weapons
 a - a +0 long sword
 g - a +4 vampiric dagger (weapon)
Armour
 b - a +0 buckler (worn)
Magical Staves
 f - a staff of fire
Scrolls
 e - a scroll of amnesia {unknown}
 h - 2 scrolls of immolation {unknown}
Potions
 c - a potion of might
 d - a potion of resistance {unknown}


   Skills:
 + Level 3.5 Fighting
 + Level 2.1 Long Blades
 + Level 3.0 Dodging
 + Level 3.2 Shields


You had one spell level left.
You didn't know any spells.
Your spell library was empty.

Dungeon Overview and Level Annotations

Branches:
Dungeon (2/15)

Altars:

Shops:
D:1 *   D:2 [

Annotations:
D:2 Robin


Innate Abilities, Weirdness & Mutations

Your plain brown scales are hard. (AC +4)
You cannot fit into any form of body armour.
You are cold-blooded and may be slowed by cold attacks.


Message History

Level annotation: Robin
Found 2 scrolls labelled TIH ANAAGE.
Found a stone staircase leading down.
There is a stone staircase leading up here.
h - 2 scrolls labelled TIH ANAAGE
Found a hunting sling. 2 orcs and an orc priest come into view.
The orc shouts! x2
A ball python comes into view.
The orc priest moves out of view.
You hear a shout!
The orc priest shouts!
You hit the orc but do no damage.
Your tail-slap misses the orc.
The orc hits you with a +0 mace.
You closely miss the orc.
The orc priest begins to cast a cantrip, but forgets the words!
The orc hits you with a +0 hand axe. The orc barely misses you.
You hit the orc.
The orc is heavily wounded.
The orc priest calls down the wrath of Beogh upon you.
Beogh smites you! The orc hits you but does no damage.
You hit the orc.
The orc is severely wounded.
You barely miss the orc.
The orc priest casts a cantrip, but nothing happens.
The orc closely misses you. x2
You hit the orc but do no damage.
You tail-slap the orc, but do no damage.
The orc hits you with a +0 hand axe.
* * * LOW HITPOINT WARNING * * *
The orc barely misses you.
You hit the orc but do no damage. The orc closely misses you.
The orc hits you with a +0 mace.
* * * LOW HITPOINT WARNING * * *
You hit the orc but do no damage.
Your tail-slap misses the orc.
The orc hits you with a +0 hand axe.
* * * LOW HITPOINT WARNING * * *
You block the orc's attack.
You closely miss the orc. The orc barely misses you.
The orc hits you with a +0 mace.
You die...

.. ..>######### .#
...........# .##
#.....<...# #..###
...........# #.....#
....##....###......#
..# ####...#......#
. ###o.......#
#So@..#....
#.o###......# ....#
#.....# .....#
#.)..# ..... ....#
...# ...# .#. ..# #
###


You could see an orc priest, 2 orcs and a ball python.

Vanquished Creatures
  A bat (D:1)
  An endoplasm (D:1)
  5 goblins (D:1)
  2 quokkas (D:1)
  3 frilled lizards (D:1)
  A kobold (D:1)
13 creatures vanquished.

Notes
Turn   | Place    | Note
-------+----------+-------------------------------------------
     0 | D:1      | Anunax the Draconian Fighter began the quest for the Orb.
     0 | D:1      | Reached XP level 1. HP: 19/19 MP: 1/1
    51 | D:1      | Found a faded altar of an unknown god.
   364 | D:1      | Found Geng's General Store.
   366 | D:1      | Reached XP level 2. HP: 26/26 MP: 2/2
   717 | D:2      | Found Hegiah's Armour Emporium.
   722 | D:2      | Noticed Robin
   762 | D:2      | HP: 1/26 [orc/+0 hand axe (3)]
   763 | D:2      | Slain by an orc

Illustrated notes

Levels and vault maps discovered:
D:1:      nicolae_arrival_memento_mori, layout_loops_ring, serial_shops,
          nicolae_shop_stone, ebering_ecumenical_altar_hall
D:2:      layout_rooms, serial_shops, nicolae_shop_hallway_stairs,
          lemuel_another_geyser, uniq_robin

Skill      XL: |  1  2 |
---------------+-------+-----
Dodging        | 3 |  3.0
Fighting       | |  3.5
Long Blades    | |  2.1
Shields        | |  3.2

Action                   || total
-------------------------++-------
Melee: Long sword        ||    38
       Dagger            ||     9
       Tailslap          ||     3
Armor: Skin              ||    12
Dodge: Dodged            ||    30
Block: Buckler           ||    10

Table legend: (Time is in decaauts)
 A = Elapsed time spent in this place.
 B = Non-inter-level travel time spent in this place.
 C = Inter-level travel time spent in this place.
 D = Time resting spent in this place.
 E = Time spent auto-exploring this place.
 F = Levels seen in this place.
 G = Mean time per level.
                   A        B        C        D        E       F      G
               +--------+--------+--------+--------+--------+-----+--------+
         Total |    776 |    728 |     48 |    131 |    447 |   2 |  388.0 |
       Dungeon |    776 |    728 |     48 |    131 |    447 |   2 |  388.0 |
               +--------+--------+--------+--------+--------+-----+--------+

Top non-repeatable levels by time:
     D:1: 747 daAuts
     D:2: 28 daAuts
